 Dungeon Crawl Stone Soup version 0.21.1-1-g345015f (webtiles) character file.

58 ftagen the Ruffian (level 3, -1/29 HPs)
             Began as a Draconian Transmuter on Feb 24, 2018.
             Slain by a gnoll
             ... wielding a +0 spear
              (4 damage)
             ... on level 2 of the Dungeon.
             The game lasted 00:15:02 (1078 turns).

ftagen the Ruffian (Draconian Transmuter)           Turns: 1078, Time: 00:15:03

Health: -1/29      AC:  5    Str: 12    XL:     3   Next: 75%
Magic:  6/6        EV: 12    Int: 14    God:
Gold:   84         SH:  0    Dex: 11    Spells: 5/6 levels left

rFire    . . .     SeeInvis .   g - +1 short sword
rCold    . . .     Gourm    +   (no shield)
rNeg     . . .     Faith    .   (armour unavailable)
rPois    .         Spirit   .   (helmet restricted)
rElec    .         Reflect  .   (no cloak)
rCorr    .         Harm     .   (no gloves)
MR       .....                  (no boots)
Stlth    +.........             i - amulet of the gourmand
HPRegen  0.09/turn              (no ring)
MPRegen  0.10/turn              (no ring)

@: no status effects
A: unfitting armour, cold-blooded, AC +5
a: no special abilities


You were on level 2 of the Dungeon.
You were not hungry.

You visited 1 branch of the dungeon, and saw 2 of its levels.

You collected 84 gold pieces.

Inventory:

Hand Weapons
 e - a +0 dagger
 g - a +1 short sword (weapon)
 h - a +0 club
Missiles
 a - 12 arrows
 q - 2 javelins (quivered)
Armour
 o - a +0 leather armour
Jewellery
 i - an amulet of the gourmand (around neck)
 l - an uncursed ring of wizardry {unknown}
Scrolls
 k - a scroll of amnesia
 p - a scroll of fog {unknown}
Potions
 d - a potion of brilliance {unknown}
 f - 2 potions of lignification {unknown}
 m - 2 potions of haste {unknown}
Books
 b - a book of Changes

   Spells                             Type                      Level
   a - Beastly Appendage              Transmutation                1
   b - Sticks to Snakes               Transmutation                2
   c - Spider Form                    Transmutation/Poison         3
   d - Ice Form                       Ice/Transmutation            4
   e - Blade Hands                    Transmutation                5
Comestibles
 c - 2 rations


   Skills:
 + Level 1.7 Fighting
 + Level 1.4 Short Blades
 + Level 0.4 Throwing
 + Level 1.8 Dodging
 + Level 3.6 Unarmed Combat
 + Level 2.3 Spellcasting
 + Level 2.2 Transmutations


You had 5 spell levels left.
You knew the following spells:

 Your Spells              Type           Power        Failure   Level  Hunger
a - Beastly Appendage     Tmut           #.....       9%          1    #......


Dungeon Overview and Level Annotations

Branches:
Dungeon (2/15)

Altars:


Innate Abilities, Weirdness & Mutations

Your plain brown scales are hard. (AC +5)
You cannot fit into any form of body armour.
You are cold-blooded and may be slowed by cold attacks.


Message History

Aim: a gnoll, wielding a spear You throw a javelin.
The javelin closely misses the gnoll.
The gnoll barely misses you. The gnoll hits you but does no damage.
The gnoll hits you from afar with a spear.
A worm comes into view.
The gnoll hits you but does no damage. The gnoll hits you with a spear.
You hit the gnoll.
The gnoll is moderately wounded.
Your talons disappear.
The gnoll hits you from afar with a spear.
* * * LOW HITPOINT WARNING * * *
The gnoll hits you with a spear.
* * * LOW HITPOINT WARNING * * *
You hit the gnoll.
The gnoll is heavily wounded.
The gnoll hits you but does no damage. x2
You closely miss the gnoll.
Your tail-slap misses the gnoll.
The gnoll is heavily wounded.
The gnoll barely misses you. The gnoll hits you with a spear.
You die...

.# .##
##############..
#.........#...## #
#..............## .##
#...............#....
#....................
#............@....w..
#....<........g.((.(.
#............†g.##...
#....................
#...............##..
#######........## ..
###.....## . ##..#..
#....##


You could see a worm and 2 gnolls.

Vanquished Creatures
  A gnoll (D:2)
  2 oozes (D:1)
  2 dart slugs (D:1)
  2 leopard geckos (D:1)
  2 bats (D:1)
  2 giant cockroaches (D:1)
  7 goblins (D:1)
  5 hobgoblins (D:1)
  A ball python (D:1)
  A frilled lizard (D:2)
  5 kobolds
  4 rats
34 creatures vanquished.

Notes
Turn   | Place    | Note
-------+----------+-------------------------------------------
     0 | D:1      | ftagen the Draconian Transmuter began the quest for the Orb.
     0 | D:1      | Reached XP level 1. HP: 16/16 MP: 3/3
    87 | D:1      | Reached XP level 2. HP: 16/23 MP: 5/5
   445 | D:1      | Reached XP level 3. HP: 25/29 MP: 6/6
  1070 | D:2      | Reached skill level 1 in Short Blades
  1078 | D:2      | Slain by a gnoll

Skill      XL: |  1  2  3 |
---------------+----------+-----
Short Blades   | 1 |  1.4
Fighting       | |  1.7
Throwing       | |  0.4
Dodging        | |  1.8
Unarmed Combat | |  3.6
Spellcasting   | |  2.3
Transmutations | |  2.2

Action                   || total
-------------------------++-------
Melee: Unarmed           ||    12
       Tailslap          ||     9
       Headbutt          ||     3
       Short sword       ||    63
       Dagger            ||    17
       Kick              ||     4
Throw: Tomahawk          ||    21
       Javelin           ||     2
 Cast: Beastly Appendage ||     7
  Use: Scroll            ||     5
  Eat: Chunk             ||     4
Armor: Skin              ||    33
Dodge: Dodged            ||    54
